 Dungeon Crawl Stone Soup version 0.29-a0-284-gf9362112df (webtiles) character file.

Game seed: 17853191752875842721

501 epen the Digger (level 7, -13/51 HPs)
             Began as a Gnoll Earth Elementalist on Mar 16, 2022.
             Mangled by an ogre
             ... wielding a +0 giant club
              (23 damage)
             ... on level 4 of the Dungeon.
             The game lasted 00:07:12 (4558 turns).

epen the Digger (Gnoll Earth Elementalist)          Turns: 4558, Time: 00:07:12

Health: -13/51     AC: 11    Str:  7    XL:     7   Next: 17%
Magic:  15/15      EV: 11    Int: 16    God:
Gold:   217        SH:  0    Dex: 13    Spells: 16/17 levels left

rFire   + . .      SeeInvis .   l - +2 spear (venom)
rCold   . . .      Faith    .   (no shield)
rNeg    + . .      Spirit   .   k - +2 ring mail {rF+}
rPois   .          Reflect  .   (no helmet)
rElec   .          Harm     .   (no cloak)
rCorr   .          Rampage  .   (no gloves)
Will    .....                   (no boots)
Stlth   ++........              (no amulet)
HPRegen 0.17/turn               h - +4 ring of protection
MPRegen 0.14/turn               m - ring of positive energy

@: no status effects
A: fangs 1, strong nose, distributed training
a: no special abilities


You were on level 4 of the Dungeon.
You visited 2 branches of the dungeon, and saw 5 of its levels.

You collected 217 gold pieces.

Inventory:

Hand Weapons
 i - a +0 dagger
 j - a +0 hunting sling
 l - a +2 spear of venom (weapon)
Missiles
 a - 107 stones
Armour
 b - a +0 robe
 k - a +2 ring mail of fire resistance (worn)
Jewellery
 h - a +4 ring of protection (left hand)
 m - a ring of positive energy (right hand)
Wands
 f - a wand of charming (7)
 n - a wand of paralysis (6)
 p - a wand of iceblast (7)
Scrolls
 e - 3 scrolls of identify
Potions
 c - a potion of magic
 d - 2 potions of heal wounds
 g - a potion of degeneration
 o - a potion of cancellation
 q - a potion of resistance
 s - 2 potions of curing


   Skills:
 + Level 2.3 Fighting
 + Level 2.3 Short Blades
 + Level 2.3 Long Blades
 + Level 2.3 Axes
 + Level 2.3 Maces & Flails
 + Level 2.3 Polearms
 + Level 2.3 Staves
 + Level 2.3 Slings
 + Level 2.3 Bows
 + Level 2.3 Crossbows
 + Level 2.3 Throwing
 + Level 2.3 Armour
 + Level 5.1 Dodging
 + Level 4.8 Stealth
 + Level 2.3 Shields
 + Level 2.3 Unarmed Combat
 + Level 5.5 Spellcasting
 + Level 1.9 Conjurations
 + Level 1.9 Hexes
 + Level 1.9 Summonings
 + Level 1.9 Necromancy
 + Level 1.9 Translocations
 + Level 2.9 Transmutations
 + Level 1.9 Fire Magic
 + Level 1.9 Ice Magic
 + Level 1.9 Air Magic
 + Level 5.8 Earth Magic
 + Level 1.9 Poison Magic
 + Level 2.5 Invocations
 + Level 2.3 Evocations


You had 16 spell levels left.
You knew the following spells:

 Your Spells              Type           Power      Damage    Failure   Level
a - Sandblast             Erth           46%        2d11      4%          1

Your spell library contained the following spells:

 Spells                   Type           Power      Damage    Failure   Level
 Passwall                 Tmut/Erth      15%        N/A       12%         2
 Shock                    Conj/Air       40%        1d5       22%         1
 Stone Arrow              Conj/Erth      32%        3d9       28%         3
 Swiftness                Air            10%        N/A       54%         3
 Petrify                  Tmut/Erth      18%        N/A       63%         4
 Airstrike                Air            5%         N/A       91%         4


Dungeon Overview and Level Annotations

Branches:
Dungeon (4/15)             Temple (1/1) D:4

Altars:
Ashenzari
Elyvilon
Fedhas
Gozag
Hepliaklqana
Kikubaaqudgha
Makhleb
Okawaru
Ru
Sif Muna
Trog
Uskayaw
Vehumet
Xom
Yredelemnul
The Shining One


Innate Abilities, Weirdness & Mutations

You have very sharp teeth.
Your uncanny sense of smell can sniff out nearby items.
Your experience applies equally to all skills.


Message History

A hobgoblin is nearby!
Found a stone staircase leading up.
The hobgoblin shouts!
You hear a shout! x2
An ogre comes into view. It is wielding a +0 giant club.
You reach to attack!
You hit the hobgoblin but do no damage.
The hobgoblin is poisoned.
You closely miss the hobgoblin.
The hobgoblin hits you but does no damage.
You hit the ogre.
The ogre is poisoned.
The ogre is lightly wounded.
The hobgoblin hits you but does no damage.
The ogre closely misses you.
You hit the hobgoblin but do no damage.
The hobgoblin looks as sick as possible!
The hobgoblin is heavily wounded.
The hobgoblin barely misses you. The ogre hits you with a +0 giant club.
You hit the hobgoblin.
You kill the hobgoblin!
You hit the ogre.
The ogre looks as sick as possible!
The ogre is moderately wounded.
The ogre hits you with a +0 giant club!!
Ouch! That really hurt!
* * * LOW HITPOINT WARNING * * *
You are too injured to fight recklessly!
Reach: l) +2 spear (venom)
Press: ? - help, Dir - move target, f - ogre
Aim: an ogre, wielding a +0 giant club (heavily wounded, extremely poisoned, about 23% to evade your +2 spear of venom)
You completely miss the ogre.
The ogre is heavily wounded.
The ogre hits you with a +0 giant club.
* * * LOW HITPOINT WARNING * * *
Reach: l) +2 spear (venom)
Press: ? - help, Dir - move target, f/p - ogre
Aim: an ogre, wielding a +0 giant club (severely wounded, extremely poisoned, about 23% to evade your +2 spear of venom)
You hit the ogre.
The ogre looks as sick as possible!
You punch the ogre. You bite the ogre, but do no damage.
The ogre is almost dead.
The ogre attacks as you move away!
The ogre hits you with a +0 giant club!!
You die...

##.##***######..#..# *⌠,,
##.,,,,,.......>...########***,,,
..,,****########.#.........,,****
#*,,,,,,* #....#.........,,,*,,
**,,***,* #.####)........,,,,,,
,,,,,,,,* #..............,,,,,,
**,****** #..#...........,,,***
,,,,,,,* #..#.##........,,,*
**,,,,,*#####..#@###'######****
**,*****.......O...#.#
,,,***,*.###.#.#...#.#
**,,,,,*,*,,...#####.#
*****,*,*.....,,∆,*,*
*,,,,,,.....#.***,*,*
*,***,*##.#.#.,,*,*,*
*,**,,,,#.#,#<*<*,*,*
*,**,**,#,*,..*,*,*,*


You could see an ogre (extremely poisoned).

Vanquished Creatures
  Eustachio (D:4)
  An ogre (D:4)
  An iguana (D:4)
  3 orc wizards (D:4)
  4 gnolls (D:3)
  3 adders
  2 worms (D:4)
  3 dart slugs
  4 orcs (D:4)
  6 ball pythons
  6 endoplasms
  4 giant cockroaches
  14 goblins
  12 hobgoblins
  6 jackals
  5 quokkas
  3 bats (D:1)
  5 frilled lizards
  5 kobolds
  A rat (D:1)
89 creatures vanquished.

Notes
Turn   | Place    | Note
-------+----------+-------------------------------------------
     0 | D:1      | epen the Gnoll Earth Elementalist began the quest for the
                  | Orb.
     0 | D:1      | Reached XP level 1. HP: 13/13 MP: 6/6
   588 | D:1      | Reached XP level 2. HP: 19/19 MP: 5/7
  1183 | D:1      | Reached XP level 3. HP: 25/25 MP: 6/9
  1225 | D:1      | Reached skill level 5 in Spellcasting
  1376 | D:1      | Reached skill level 1 in Invocations
  1820 | D:2      | Reached skill level 1 in Fighting
  1820 | D:2      | Reached skill level 1 in Short Blades
  1820 | D:2      | Reached skill level 1 in Long Blades
  1820 | D:2      | Reached skill level 1 in Axes
  1820 | D:2      | Reached skill level 1 in Maces & Flails
  1820 | D:2      | Reached skill level 1 in Polearms
  1820 | D:2      | Reached skill level 1 in Staves
  1820 | D:2      | Reached skill level 1 in Slings
  1820 | D:2      | Reached skill level 1 in Bows
  1820 | D:2      | Reached skill level 1 in Crossbows
  1820 | D:2      | Reached skill level 1 in Throwing
  1820 | D:2      | Reached skill level 1 in Armour
  1820 | D:2      | Reached skill level 1 in Shields
  1820 | D:2      | Reached skill level 1 in Unarmed Combat
  1820 | D:2      | Reached skill level 1 in Evocations
  1901 | D:2      | Found a hide-covered altar of Uskayaw.
  2193 | D:3      | Reached XP level 4. HP: 32/32 MP: 11/11
  2678 | D:3      | Reached skill level 1 in Conjurations
  2678 | D:3      | Reached skill level 1 in Hexes
  2678 | D:3      | Reached skill level 1 in Summonings
  2678 | D:3      | Reached skill level 1 in Necromancy
  2678 | D:3      | Reached skill level 1 in Translocations
  2678 | D:3      | Reached skill level 1 in Fire Magic
  2678 | D:3      | Reached skill level 1 in Ice Magic
  2678 | D:3      | Reached skill level 1 in Air Magic
  2678 | D:3      | Reached skill level 1 in Poison Magic
  2863 | D:3      | Reached XP level 5. HP: 22/37 MP: 12/12
  3578 | D:4      | Reached XP level 6. HP: 12/44 MP: 13/13
  3942 | D:4      | Found a staircase to the Ecumenical Temple.
  3965 | Temple   | Entered the Ecumenical Temple
  4211 | D:4      | Reached skill level 5 in Dodging
  4498 | D:4      | Noticed Eustachio
  4517 | D:4      | Killed Eustachio
  4518 | D:4      | Reached XP level 7. HP: 48/50 MP: 15/15
  4558 | D:4      | Mangled by an ogre

Illustrated notes

Levels and vault maps discovered:
D:1:      scummos_arrival_simple_fountains, layout_basic, minivault_19,
          serial_bayou_ford_a, nicolae_figureground_pulse
D:2:      layout_basic, basic_altar, kennysheep_generic_room_9
D:3:      layout_loops_ring
D:4:      layout_basic, minmay_temple_entry_nine_rooms,
          gammafunk_ghost_cemetery, minmay_diced_spiral, uniq_eustachio
Temple:   eino_temple_scatter_basement

Skill      XL: |  1  2  3  4  5  6 |
---------------+-------------------+-----
Transmutations | 2 |  2.9
Spellcasting   | 5 |  5.5
Invocations    | 1 2 |  2.5
Fighting       | 1 2 |  2.3
Short Blades   | 1 2 |  2.3
Long Blades    | 1 2 |  2.3
Axes           | 1 2 |  2.3
Maces & Flails | 1 2 |  2.3
Polearms       | 1 2 |  2.3
Staves         | 1 2 |  2.3
Slings         | 1 2 |  2.3
Bows           | 1 2 |  2.3
Crossbows      | 1 2 |  2.3
Throwing       | 1 2 |  2.3
Armour         | 1 2 |  2.3
Shields        | 1 2 |  2.3
Unarmed Combat | 1 2 |  2.3
Evocations     | 1 2 |  2.3
Conjurations   | 1 |  1.9
Hexes          | 1 |  1.9
Summonings     | 1 |  1.9
Necromancy     | 1 |  1.9
Translocations | 1 |  1.9
Fire Magic     | 1 |  1.9
Ice Magic      | 1 |  1.9
Air Magic      | 1 |  1.9
Poison Magic   | 1 |  1.9
Dodging        | 5 |  5.1
Stealth        | |  4.8
Earth Magic    | |  5.8

Action                   |  1- 3 |  4- 6 |  7- 9 || total
-------------------------+-------+-------+-------++-------
Melee: Unarmed           |    18 |       |       ||    18
       Bite              |     4 |    19 |     1 ||    24
       Dagger            |    24 |    15 |       ||    39
       Punch             |     2 |     3 |     1 ||     6
       Spear             |       |   121 |    10 ||   131
 Fire: Hunting sling     |       |    60 |       ||    60
 Cast: Sandblast         |    42 |     3 |       ||    45
Evoke: Wand              |       |     2 |       ||     2
  Use: Scroll            |     6 |     2 |     2 ||    10
       Potion            |       |     1 |       ||     1
 Stab: Sleeping          |     4 |     4 |       ||     8
       Paralysed         |       |     4 |       ||     4
       Distracted        |       |     1 |       ||     1
Armor: Robe              |    17 |     4 |       ||    21
       Ring mail         |       |    74 |     2 ||    76
Dodge: Dodged            |    34 |    70 |     2 ||   106

Table legend: (Time is in decaauts)
 A = Elapsed time spent in this place.
 B = Non-inter-level travel time spent in this place.
 C = Inter-level travel time spent in this place.
 D = Time resting spent in this place.
 E = Time spent auto-exploring this place.
 F = Levels seen in this place.
 G = Mean time per level.
                   A        B        C        D        E       F      G
               +--------+--------+--------+--------+--------+-----+--------+
         Total |   4598 |   4518 |     80 |    768 |   2969 |   5 |  919.6 |
       Dungeon |   4437 |   4360 |     77 |    768 |   2834 |   4 | 1109.2 |
        Temple |    161 |    158 |      3 |      0 |    135 |   1 |  161.0 |
               +--------+--------+--------+--------+--------+-----+--------+

Top non-repeatable levels by time:
     D:1: 1538 daAuts
     D:4: 1196 daAuts
     D:3: 1050 daAuts
     D:2: 652 daAuts
  Temple: 161 daAuts
